 Dungeon Crawl Stone Soup version 0.27-a0-1579-g97d2440184 (webtiles) character file.

Game seed: 6987043793512947499

1189 Spaninq the Ruffian (level 8, 0/67 HPs)
             Began as a Black Draconian Transmuter on July 17, 2021.
             Was an Initiate of Ashenzari.
             Slain by a scorpion (2 damage)
             ... on level 5 of the Dungeon.
             The game lasted 00:12:33 (5185 turns).

Spaninq the Ruffian (Black Draconian Transmuter)    Turns: 5185, Time: 00:12:34

Health: 0/67       AC:  6    Str: 13    XL:     8   Next: 19%
Magic:  14/14      EV: 13    Int: 16    God:    Ashenzari [......]
Gold:   303        SH:  0    Dex: 11    Spells: 14/15 levels left

rFire    . . .     SeeInvis .     - Unarmed
rCold    . . .     Faith    .   (no shield)
rNeg     . . .     Spirit   .   (armour unavailable)
rPois    .         Reflect  .   (helmet restricted)
rElec    +         Harm     .   (no cloak)
rCorr    .         Rampage  .   (no gloves)
Will     .....                  (no boots)
Stlth    +.........             (no amulet)
HPRegen  0.21/turn              i - ring of the Wild Blue Yonder {Fly, Cun, Alch} (curse)
MPRegen  0.14/turn              (no ring)

@: flying
A: breathe lightning, AC +6, unfitting armour, electricity resistance,
cold-blooded
a: Breathe Lightning, Renounce Religion, Curse Item, Shatter the Chains


You were on level 5 of the Dungeon.
You worshipped Ashenzari.
Ashenzari was noncommittal.
You visited 1 branch of the dungeon, and saw 5 of its levels.

You collected 303 gold pieces.

Inventory:

Jewellery
 i - the cursed ring of the Wild Blue Yonder (left hand) {Fly, Cun, Alch}
   (You found it on level 2 of the Dungeon)

   [ring of flight]

   Fly:       It grants you flight.
   It has a curse which improves the following skills: Cunning: Dodging and
   Stealth.
   Alchemy:   Poison Magic and Transmutations.
Wands
 f - a wand of iceblast (5)
 g - a wand of paralysis (7)
 l - a wand of flame (26)
Scrolls
 d - 2 scrolls of magic mapping
 e - 2 scrolls of enchant weapon
 h - 2 scrolls of enchant armour
 j - a scroll of amnesia
Potions
 a - 2 potions of cancellation
 b - a potion of mutation
 k - a potion of ambrosia


   Skills:
 + Level 4.3 Fighting
 + Level 3.9(4.4) Dodging
 * Level 6.4 Unarmed Combat
 + Level 4.1 Spellcasting
 + Level 4.3(4.8) Transmutations


You had 14 spell levels left.
You knew the following spells:

 Your Spells              Type           Power      Damage    Failure   Level
a - Beastly Appendage     Tmut           36%        N/A       2%          1

Your spell library contained the following spells:

 Spells                   Type           Power      Damage    Failure   Level
 Wereblood                Tmut           18%        N/A       3%          2
 Sting                    Tmut/Pois      44%        1d5       6%          1
 Spider Form              Tmut/Pois      5%         N/A       19%         3
 Poisonous Vapours        Pois/Air       6%         N/A       26%         2
 Ice Form                 Ice/Tmut       11%        N/A       52%         4
 Olgreb's Toxic Radiance  Pois           3%         N/A       85%         4


Dungeon Overview and Level Annotations

Branches:
Dungeon (5/15)             Temple (0/1) D:4

Altars:
Ashenzari
Hepliaklqana
Kikubaaqudgha
The Shining One

Shops:
D:1 (


Innate Abilities, Weirdness & Mutations

You can breathe wild blasts of lightning.
Your glossy black scales are hard. (AC +6)
You cannot fit into any form of body armour.
You are resistant to electric shocks. (rElec)
You are cold-blooded and may be slowed by cold attacks.


Message History

Your transformation is almost over.
The scorpion barely misses you.
You see here a +0 flail.
You see here a yak skeleton.
The scorpion barely misses you.
You breathe a wild blast of lightning!
The zap misses you.
The zap misses the scorpion.
The zap hits the scorpion!
The scorpion is heavily wounded.
The zap hits the scorpion.
The scorpion is almost dead.
The zap hits the ice beast.
The ice beast is heavily wounded.
The zap misses you. x2; The scorpion barely misses you.
Your horns disappear.
Your talons disappear.
The scorpion misses you. The scorpion misses you.
The scorpion stings you but does no damage.
You closely miss the scorpion.
The scorpion is severely wounded.
The scorpion closely misses you. The scorpion stings you.
* * * LOW HITPOINT WARNING * * *
You are poisoned.
The scorpion poisons you!
* * * LOW HITPOINT WARNING * * *
You feel very sick.
* * * LOW HITPOINT WARNING * * *
You feel very sick.
You feel sick.
* * * LOW HITPOINT WARNING * * *
You feel sick.
You feel sick.
You have got your breath back.
You feel sick. The scorpion barely misses you.
You feel sick.
You feel sick.
You feel sick.
You are no longer poisoned.
The scorpion stings you.
You die...

#.......#)##)..### .#._.#. ###..
#<....#Y#..Y.....##..#.#..##...#
#.#..##Y########..##..#..+#..###
#.##.##.# #######..##. .##..## #
#.##.##Y# #.....#...## ##..#####
#.....Y.# #.....#^#..###...o....
####.#### #.......##..#.....Y..Y
#......# #...........#.........
#.##.#.## #....@.###....########
# #.#.o########s###...## #
#...Y.#######Y##.....# #
#.....Y..o.##.##.....# #
#.#..##.##.##o##.#...#
......##.#...........##
###.##....#.....#..####
#.##.##...Y......#
#.......#.....#.##


You could see an ice beast, a scorpion and an orc.

Vanquished Creatures
  Sigmund (D:3)
  3 yaks (D:5)
  A water moccasin (D:5)
  2 scorpions
  2 vampire bats (D:3)
  An iguana (D:4)
  2 orc wizards (D:4)
  4 gnolls (D:5)
  6 adders
  An ufetubus (D:5)
  2 worms
  2 dart slugs
  11 orcs
  4 ball pythons
  2 bat skeletons (D:3)
  4 bat zombies (D:3)
  7 endoplasms
  2 hobgoblins
  13 jackals
  4 kobolds
  7 quokkas
  4 bats
  8 frilled lizards
  9 goblins
  8 rats
110 creatures vanquished.

Notes
Turn   | Place    | Note
-------+----------+-------------------------------------------
     0 | D:1      | Spaninq the Draconian Transmuter began the quest for the
                  | Orb.
     0 | D:1      | Reached XP level 1. HP: 16/16 MP: 3/3
   251 | D:1      | Reached XP level 2. HP: 22/23 MP: 3/5
   384 | D:1      | Found Coed's Antique Weapon Shoppe.
   627 | D:1      | Reached XP level 3. HP: 29/29 MP: 4/6
  1508 | D:2      | Reached XP level 4. HP: 36/36 MP: 5/7
  1773 | D:3      | Found a broken altar of Ashenzari.
  1797 | D:3      | Became a worshipper of Ashenzari the Shackled
  2055 | D:3      | Noticed Sigmund
  2064 | D:3      | Killed Sigmund
  2065 | D:3      | Reached skill level 4 in Unarmed Combat
  2065 | D:3      | Reached XP level 5. HP: 35/42 MP: 6/9
  2065 | D:3      | Reached XP level 6. HP: 42/50 MP: 6/10
  2151 | D:3      | Found an ancient bone altar of Kikubaaqudgha.
  2745 | D:4      | Reached skill level 5 in Unarmed Combat
  3708 | D:4      | Found a hazy altar of Hepliaklqana.
  3737 | D:4      | Found a staircase to the Ecumenical Temple.
  3928 | D:4      | Your scales start taking on a glossy black colour.
  3928 | D:4      | Reached XP level 7. HP: 53/57 MP: 9/11
  3928 | D:4      | Gained mutation: You are resistant to electric shocks.
                  | (rElec) [Black Draconian growth]
  4283 | D:5      | Entered Level 5 of the Dungeon
  4461 | D:5      | Found a glowing golden altar of the Shining One.
  4691 | D:5      | Noticed a yak
  4693 | D:5      | Noticed a yak
  4695 | D:5      | Noticed a yak
  4696 | D:5      | Killed a yak
  4723 | D:5      | Killed a yak
  4724 | D:5      | Reached skill level 6 in Unarmed Combat
  4726 | D:5      | Killed a yak
  4727 | D:5      | Reached XP level 8. HP: 15/66 MP: 11/14
  5133 | D:5      | HP: 2/66 [water moccasin (4)]
  5183 | D:5      | HP: 3/67 [poisoned by a scorpion]
  5185 | D:5      | Slain by a scorpion

Illustrated notes

Levels and vault maps discovered:
D:1:      lemuel_arrival_hallway, layout_loops_cross, serial_shops,
          nicolae_shop_stone
D:2:      minmay_spotlight, layout_basic
D:3:      layout_basic, cheibrodos_ashenzari_chains, kennysheep_vampire_church,
          minmay_hedge_maze, hangedman_abyss_or_decor_stabs, uniq_sigmund
D:4:      layout_layer_cave, kennysheep_mini_moat,
          minmay_temple_entry_antechambers, minmay_box_of_dots
D:5:      layout_loops_cross, tso_metal_star, general_overflow_altar,
          gammafunk_ghost_necromancy

Skill      XL: |  1  2  3  4  5  6  7 |
---------------+----------------------+-----
Dodging        | 2 3 |  3.9
Fighting       | 2 3 4 |  4.3
Unarmed Combat | 4 5 6 |  6.4
Transmutations | 3 4 |  4.3
Spellcasting   | 3 4 |  4.1

Action                   |  1- 3 |  4- 6 |  7- 9 || total
-------------------------+-------+-------+-------++-------
Melee: Unarmed           |   122 |   140 |    67 ||   329
       Tailslap          |     9 |     9 |     4 ||    22
       Headbutt          |    13 |    21 |     6 ||    40
       Kick              |    21 |    20 |    13 ||    54
       Punch             |       |     1 |     3 ||     4
 Cast: Beastly Appendage |    27 |    24 |     9 ||    60
Invok: Curse Item        |       |     1 |       ||     1
 Abil: Breathe Lightning |       |       |     7 ||     7
  Use: Potion            |       |     2 |     2 ||     4
 Stab: Sleeping          |       |     2 |       ||     2
Armor: Skin              |    34 |    52 |    22 ||   108
Dodge: Dodged            |    78 |    86 |    68 ||   232

Table legend: (Time is in decaauts)
 A = Elapsed time spent in this place.
 B = Non-inter-level travel time spent in this place.
 C = Inter-level travel time spent in this place.
 D = Time resting spent in this place.
 E = Time spent auto-exploring this place.
 F = Levels seen in this place.
 G = Mean time per level.
                   A        B        C        D        E       F      G
               +--------+--------+--------+--------+--------+-----+--------+
         Total |   5166 |   5089 |     77 |    773 |   3357 |   5 | 1033.2 |
       Dungeon |   5166 |   5089 |     77 |    773 |   3357 |   5 | 1033.2 |
               +--------+--------+--------+--------+--------+-----+--------+

Top non-repeatable levels by time:
     D:4: 1827 daAuts
     D:3: 1020 daAuts
     D:1: 899 daAuts
     D:2: 777 daAuts
     D:5: 642 daAuts
